APP
BILLINGS MUSTANGS @ WASHINGTON (APP) NATIONALS
09/23/2049
 
TOP OF THE 1ST
Billings Mustangs batting - Pitching for Washington (APP) Nationals : RHP Ivan Bonilla
Pitching: RHP Ivan Bonilla
Batting: RHB Kieron Clark 0-0: Ball
1-0: Foul Ball, location: 2F
1-1: Ball
2-1: Foul Ball, location: 2F
2-2: Fly out, F7 (Flyball, 7, EV 87.5 MPH)
Batting: LHB Clint Hanninen 0-0: Ground out 3-1 (Groundball, 34, EV 106.2 MPH)
Batting: RHB Dan Allred 0-0: Ball
1-0: Ground out 4-3 (Groundball, 4, EV 98.8 MPH)
Top of the 1st over - 0 runs, 0 hits, 0 errors, 0 left on base; Billings 0 - Washington (APP) 0
BOTTOM OF THE 1ST
Washington (APP) Nationals batting - Pitching for Billings Mustangs : LHP Keiji Shimomura
Pitching: LHP Keiji Shimomura
Batting: RHB Victor Rojas 0-0: Ball
1-0: Called Strike
1-1: Foul Ball, location: 2F
1-2: Ball
2-2: Ground out 6-3 (Groundball, 6, EV 101.9 MPH)
Batting: RHB Ivan Torres 0-0: Ball
1-0: Ball
2-0: Foul Ball, location: 2F
2-1: SINGLE (Line Drive, 78M, EV 93.8 MPH)
Batting: RHB Akira Ishihara 0-0: Ball
1-0: Ball
2-0: Called Strike
Ivan Torres is caught stealing 2nd base 2-4
2-1: Ball
3-1: Fly out, F8 (Flyball, 8LD, EV 88.1 MPH)
Bottom of the 1st over - 0 runs, 1 hit, 0 errors, 0 left on base; Billings 0 - Washington (APP) 0
TOP OF THE 2ND
Billings Mustangs batting - Pitching for Washington (APP) Nationals : RHP Ivan Bonilla
Batting: SHB Gustavo Froio 0-0: Called Strike
0-1: Ball
1-1: Swinging Strike
1-2: Ball
2-2: Foul Ball, location: 2F
2-2: Strikes out looking
Batting: LHB Josh Glass 0-0: Called Strike
0-1: Foul Ball, location: 2F
0-2: Strikes out looking
Batting: RHB Alex Nagera 0-0: Called Strike
0-1: Fly out, F9 (Line Drive, 9, EV 106.2 MPH)
Top of the 2nd over - 0 runs, 0 hits, 0 errors, 0 left on base; Billings 0 - Washington (APP) 0
BOTTOM OF THE 2ND
Washington (APP) Nationals batting - Pitching for Billings Mustangs : LHP Keiji Shimomura
Batting: RHB Ryan Wright 0-0: Ball
1-0: Ball
2-0: Ball
3-0: Base on Balls
Batting: LHB Emery Helm 0-0: Foul Ball, location: 2F
0-1: Foul Ball, location: 2F
0-2: Ball
1-2: Strikes out swinging
Batting: RHB Steve Boice 0-0: Swinging Strike
0-1: Swinging Strike
0-2: Foul Ball, location: 2F
0-2: Strikes out looking
Batting: RHB Jorge Torres 0-0: Called Strike
Ryan Wright is caught stealing 2nd base 2-4
Bottom of the 2nd over - 0 runs, 0 hits, 0 errors, 0 left on base; Billings 0 - Washington (APP) 0
TOP OF THE 3RD
Billings Mustangs batting - Pitching for Washington (APP) Nationals : RHP Ivan Bonilla
Batting: RHB Rich Vanegas 0-0: Called Strike
0-1: SINGLE (Groundball, 6MS, EV 72.5 MPH) (infield hit)
Batting: RHB Ruben Cantu 0-0: Reached on error, E6 (Groundball, 6, EV 88.1 MPH)
Rich Vanegas to second
Batting: LHB Mike Becerra 0-0: Ball
1-0: Fly out, F8 (Flyball, 89M, EV 79.4 MPH)
Batting: RHB Kieron Clark 0-0: Called Strike
0-1: Swinging Strike
0-2: Fielders Choice at 2nd, 6-4 (Groundball, 6, EV 78.1 MPH)
Rich Vanegas to third
Batting: LHB Clint Hanninen 0-0: SINGLE (Flyball, 78S, EV 85.0 MPH)
Rich Vanegas scores
Kieron Clark to second
Runner from 2nd tries for 3rd, SAFE, throw by LF made to third
Batting: RHB Dan Allred 0-0: Ball
1-0: Ball
2-0: Ball
3-0: Called Strike
3-1: Foul Ball, location: 2F
3-2: Fly out, F8 (Flyball, 8RD, EV 98.8 MPH)
Top of the 3rd over - 1 run, 2 hits, 1 error, 2 left on base; Billings 1 - Washington (APP) 0
BOTTOM OF THE 3RD
Washington (APP) Nationals batting - Pitching for Billings Mustangs : LHP Keiji Shimomura
Batting: RHB Jorge Torres 0-0: Ground out 5-3 (Groundball, 5, EV 80.6 MPH)
Batting: RHB Alex Gonzalez 0-0: Ball
1-0: Swinging Strike
1-1: Ball
2-1: Foul Ball, location: 2F
2-2: Ball
3-2: Foul Ball, location: 2F
3-2: Base on Balls
Batting: RHB Trent Spivey 0-0: Ball
Alex Gonzalez steals 2nd, throwing error, E2
Alex Gonzalez to third
1-0: Called Strike
1-1: Foul Ball, location: 2F
1-2: Ball
2-2: 2-RUN HOME RUN (Flyball, 7D, EV 100.0 MPH), Distance : 385 ft
Batting: RHB Victor Rojas 0-0: Called Strike
0-1: Foul Ball, location: 2F
0-2: Ball
1-2: Strikes out swinging
Batting: RHB Ivan Torres 0-0: Swinging Strike
0-1: Called Strike
0-2: Ball
1-2: Fly out, F7 (Flyball, 7S, EV 90.0 MPH)
Bottom of the 3rd over - 2 runs, 1 hit, 1 error, 0 left on base; Billings 1 - Washington (APP) 2
TOP OF THE 4TH
Billings Mustangs batting - Pitching for Washington (APP) Nationals : RHP Ivan Bonilla
Batting: SHB Gustavo Froio 0-0: SINGLE (Groundball, 15S, EV 71.9 MPH) (infield hit)
Batting: LHB Josh Glass 0-0: Ball
1-0: Ball
2-0: Foul Ball, location: 2F
2-1: Called Strike
2-2: Ball
3-2: Fly out, F6 (Popup, 6M, EV 75.0 MPH)
Batting: RHB Alex Nagera 0-0: Ball
1-0: Ball
2-0: Called Strike
2-1: Swinging Strike
2-2: Ball
3-2: Foul Ball, location: 2F
3-2: Base on Balls
Gustavo Froio to second
Batting: RHB Rich Vanegas 0-0: Ball
1-0: Ground out 5-3 (Groundball, 56S, EV 61.9 MPH)
Gustavo Froio to third
Alex Nagera to second
Batting: RHB Ruben Cantu 0-0: Fly out, F7 (Flyball, 78M, EV 79.4 MPH)
Top of the 4th over - 0 runs, 1 hit, 0 errors, 2 left on base; Billings 1 - Washington (APP) 2
BOTTOM OF THE 4TH
Washington (APP) Nationals batting - Pitching for Billings Mustangs : LHP Keiji Shimomura
Batting: RHB Akira Ishihara 0-0: SINGLE (Groundball, 5D, EV 95.0 MPH)
Batting: RHB Ryan Wright 0-0: Foul Ball, location: 2F
0-1: Foul Ball, location: 2F
0-2: Strikes out swinging
Batting: LHB Emery Helm 0-0: Foul Ball, location: 2F
0-1: Ball
1-1: Foul Ball, location: 2F
1-2: Strikes out swinging
Batting: RHB Steve Boice 0-0: Ball
1-0: Ball
2-0: Ball
3-0: Called Strike
3-1: Base on Balls
Akira Ishihara to second
Batting: RHB Jorge Torres 0-0: Called Strike
0-1: Ball
1-1: Called Strike
1-2: Ball
2-2: Ball
3-2: Strikes out swinging
Bottom of the 4th over - 0 runs, 1 hit, 0 errors, 2 left on base; Billings 1 - Washington (APP) 2
TOP OF THE 5TH
Billings Mustangs batting - Pitching for Washington (APP) Nationals : RHP Ivan Bonilla
Batting: LHB Mike Becerra 0-0: Ground out 4-3 (Groundball, 4, EV 88.8 MPH)
Batting: RHB Kieron Clark 0-0: Ball
1-0: Ball
2-0: Foul Ball, location: 2F
2-1: Ball
3-1: Called Strike
3-2: Base on Balls
Batting: LHB Clint Hanninen 0-0: Reached on error, E4 (Groundball, 4, EV 81.2 MPH)
Kieron Clark to second
Batting: RHB Dan Allred 0-0: Called Strike
0-1: Ball
1-1: Grounds into double play, 5-4-3 (Groundball, 56S, EV 85.6 MPH)
Top of the 5th over - 0 runs, 0 hits, 1 error, 1 left on base; Billings 1 - Washington (APP) 2
BOTTOM OF THE 5TH
Washington (APP) Nationals batting - Pitching for Billings Mustangs : LHP Keiji Shimomura
Batting: RHB Alex Gonzalez 0-0: Ball
1-0: Swinging Strike
1-1: Called Strike
1-2: Strikes out swinging
Batting: RHB Trent Spivey 0-0: Ball
1-0: Ball
2-0: Called Strike
2-1: Foul Ball, location: 2F
2-2: Strikes out swinging
Batting: RHB Victor Rojas 0-0: Ball
1-0: Foul Ball, location: 2F
1-1: Ball
2-1: Foul Ball, location: 2F
2-2: Ball
3-2: Base on Balls
Pitching: RHP Boboy Cacabelos
Batting: RHB Ivan Torres 0-0: Foul Ball, location: 2F
0-1: Ball
Wild Pitch!
Victor Rojas to second
1-1: Called Strike
1-2: Strikes out swinging
Bottom of the 5th over - 0 runs, 0 hits, 0 errors, 1 left on base; Billings 1 - Washington (APP) 2
TOP OF THE 6TH
Billings Mustangs batting - Pitching for Washington (APP) Nationals : RHP Ivan Bonilla
Batting: SHB Gustavo Froio 0-0: SOLO HOME RUN (Flyball, 89XD, EV 105.6 MPH), Distance : 432 ft
Batting: LHB Josh Glass 0-0: Ball
1-0: Fly out, F7 (Flyball, 7S, EV 91.9 MPH)
Batting: RHB Alex Nagera 0-0: Ball
1-0: Swinging Strike
1-1: Fly out, F9 (Flyball, 9, EV 92.5 MPH)
Batting: RHB Rich Vanegas 0-0: Ball
1-0: Foul Ball, location: 2F
1-1: Ball
2-1: Called Strike
2-2: Ground out 6-3 (Groundball, 6, EV 86.2 MPH)
Top of the 6th over - 1 run, 1 hit, 0 errors, 0 left on base; Billings 2 - Washington (APP) 2
BOTTOM OF THE 6TH
Washington (APP) Nationals batting - Pitching for Billings Mustangs : RHP Boboy Cacabelos
Batting: RHB Akira Ishihara 0-0: Foul Ball, location: 2F
0-1: Ball
1-1: Foul Ball, location: 2F
1-2: Strikes out swinging
Batting: RHB Ryan Wright 0-0: Ball
1-0: Swinging Strike
1-1: Foul Ball, location: 2F
1-2: Strikes out looking
Batting: LHB Emery Helm 0-0: Foul Ball, location: 2F
0-1: Ball
1-1: Foul Ball, location: 2F
1-2: Ball
2-2: Foul Ball, location: 2F
2-2: SOLO HOME RUN (Flyball, 7D, EV 103.1 MPH), Distance : 405 ft
Batting: RHB Steve Boice 0-0: Called Strike
0-1: Called Strike
0-2: Fly out, F7 (Flyball, 78S, EV 86.9 MPH)
Bottom of the 6th over - 1 run, 1 hit, 0 errors, 0 left on base; Billings 2 - Washington (APP) 3
TOP OF THE 7TH
Billings Mustangs batting - Pitching for Washington (APP) Nationals : RHP Ivan Bonilla
Pitching: RHP Faradur Bhutani
Batting: RHB Ruben Cantu 0-0: Called Strike
0-1: Ball
1-1: Fly out, F8 (Flyball, 8RD, EV 100.6 MPH)
Batting: LHB Mike Becerra 0-0: Foul Ball, location: 2F
0-1: Ball
1-1: Foul Ball, location: 2F
1-2: Ball
2-2: Ground out 1-3 (Groundball, 13S, EV 63.1 MPH)
Batting: RHB Kieron Clark 0-0: Ball
1-0: Ball
2-0: Foul Ball, location: 2F
2-1: Ball
3-1: Foul Ball, location: 2F
3-2: Base on Balls
Batting: LHB Clint Hanninen 0-0: Called Strike
0-1: Foul Ball, location: 2F
0-2: Foul Ball, location: 2F
0-2: Ball
1-2: Foul Ball, location: 2F
1-2: Ball
2-2: Strikes out swinging
Top of the 7th over - 0 runs, 0 hits, 0 errors, 1 left on base; Billings 2 - Washington (APP) 3
BOTTOM OF THE 7TH
Washington (APP) Nationals batting - Pitching for Billings Mustangs : RHP Boboy Cacabelos
Batting: RHB Jorge Torres 0-0: Foul Ball, location: 2F
0-1: Foul Ball, location: 2F
0-2: Foul Ball, location: 2F
0-2: Ball
1-2: Ball
2-2: SINGLE (Flyball, 8RS, EV 98.8 MPH)
Pitching: RHP Roger Whitaker
Batting: RHB Alex Gonzalez 0-0: Ball
1-0: Ball
2-0: Foul Ball, location: 2F
2-1: Foul Ball, location: 2F
2-2: Ball
3-2: Strikes out swinging
Batting: RHB Trent Spivey 0-0: Ball
1-0: Called Strike
1-1: Called Strike
1-2: Foul Ball, location: 2F
1-2: Ball
2-2: Strikes out swinging
Batting: RHB Victor Rojas 0-0: Called Strike
0-1: Called Strike
0-2: Strikes out swinging
Bottom of the 7th over - 0 runs, 1 hit, 0 errors, 1 left on base; Billings 2 - Washington (APP) 3
TOP OF THE 8TH
Billings Mustangs batting - Pitching for Washington (APP) Nationals : RHP Faradur Bhutani
Pitching: RHP Kareem Linz
Batting: RHB Dan Allred 0-0: Foul Ball, location: 2F
0-1: Foul Ball, location: 2F
0-2: Foul Ball, location: 2F
0-2: Ball
1-2: Strikes out swinging
Batting: SHB Gustavo Froio 0-0: Called Strike
0-1: Fly out, F8 (Flyball, 8RXD, EV 96.2 MPH)
Batting: LHB Josh Glass 0-0: Called Strike
0-1: Ball
1-1: Swinging Strike
1-2: Strikes out swinging
Top of the 8th over - 0 runs, 0 hits, 0 errors, 0 left on base; Billings 2 - Washington (APP) 3
BOTTOM OF THE 8TH
Washington (APP) Nationals batting - Pitching for Billings Mustangs : RHP Roger Whitaker
Batting: RHB Ivan Torres 0-0: Foul Ball, location: 2F
0-1: Foul Ball, location: 2F
0-2: Ball
1-2: Strikes out looking
Batting: RHB Akira Ishihara 0-0: Ball
1-0: Called Strike
1-1: Swinging Strike
1-2: Foul Ball, location: 2F
1-2: Strikes out looking
Batting: RHB Ryan Wright 0-0: Ball
1-0: Ground out 6-3 (Groundball, 6, EV 86.9 MPH)
Bottom of the 8th over - 0 runs, 0 hits, 0 errors, 0 left on base; Billings 2 - Washington (APP) 3
TOP OF THE 9TH
Billings Mustangs batting - Pitching for Washington (APP) Nationals : RHP Kareem Linz
Batting: RHB Alex Nagera 0-0: Called Strike
0-1: Foul Ball, location: 2F
0-2: SINGLE (Line Drive, 34D, EV 98.8 MPH)
Batting: RHB Rich Vanegas 0-0: Ball
1-0: Sac Bunt to 25 - play at first, batter OUT! 5-3
Alex Nagera to second
Batting: RHB Ruben Cantu 0-0: Swinging Strike
0-1: Ball
1-1: Called Strike
1-2: Ball
2-2: Foul Ball, location: 2F
2-2: Strikes out swinging
Pinch Hitting: SHB Sal Esparza 0-0: Called Strike
0-1: Ball
1-1: Ball
2-1: Foul Ball, location: 2F
2-2: Foul Ball, location: 2F
2-2: Strikes out looking
Top of the 9th over - 0 runs, 1 hit, 0 errors, 1 left on base; Billings 2 - Washington (APP) 3
Sunday, July 16th , 2023 - OOTP Baseball 24.6 Build 69